 Dungeon Crawl Stone Soup version 0.26-a0-818-g75db068ed4 (webtiles) character file.

Game seed: 6967534827037169769

133 marklar909 the Ruffian (level 4, 0/37 HPs)
             Began as a Draconian Transmuter on Nov 14, 2020.
             Slain by Natasha (5 damage)
             ... on level 2 of the Dungeon.
             The game lasted 00:03:05 (2997 turns).

marklar909 the Ruffian (Draconian Transmuter)       Turns: 2997, Time: 00:03:06

Health: 0/37       AC:  5    Str: 13    XL:     4   Next: 94%
Magic:  7/7        EV: 13    Int: 13    God:
Gold:   69         SH:  0    Dex: 12    Spells: 5/8 levels left

rFire    . . .     SeeInvis .     - Unarmed
rCold    . . .     Faith    .   (no shield)
rNeg     . . .     Spirit   .   (armour unavailable)
rPois    .         Reflect  .   (helmet currently unavailable)
rElec    .         Harm     .   m - scarf {+Inv}
rCorr    .         Rampage  .   (no gloves)
MR       .....                  (boots currently unavailable)
Stlth    +.........             (no amulet)
HPRegen  0.12/turn              (no ring)
MPRegen  0.10/turn              (no ring)

@: appendages (expiring)
A: unfitting armour, horns 2, talons 2, cold-blooded, AC +5
a: End Transformation, Evoke Invisibility


You were on level 2 of the Dungeon.
You had grown temporary horns.
You had grown temporary talons.
You visited 1 branch of the dungeon, and saw 2 of its levels.

You collected 69 gold pieces.

Inventory:

Missiles
 j - 15 poisoned darts (quivered)
Armour
 m - a scarf of invisibility (worn)
Jewellery
 a - an uncursed amulet of magic regeneration {unknown}
 g - an uncursed ring of protection from magic {unknown}
Wands
 k - a wand of disintegration (15)
Scrolls
 c - 4 scrolls of identify {unknown}
 d - a scroll of amnesia {unknown}
 f - 2 scrolls of magic mapping {unknown}
 i - a scroll of teleportation {unknown}
 l - a scroll of random uselessness {unknown}
Potions
 b - 2 potions of flight {unknown}
 e - 2 potions of curing {unknown}
 h - a potion of attraction {unknown}


   Skills:
 * Level 2.3 Fighting
 * Level 2.7 Dodging
 + Level 3.9 Unarmed Combat
 - Level 2.6 Spellcasting
 * Level 2.6 Transmutations


You had 5 spell levels left.
You knew the following spells:

 Your Spells              Type           Power        Failure   Level
a - Beastly Appendage     Tmut           #.....       9%          1
b - Wereblood             Tmut           #.......     12%         2

Your spell library contained the following spells:

 Spells                   Type           Power        Failure   Level
 Spider Form              Tmut/Pois      #.........   38%         3
 Ice Form                 Ice/Tmut       #.......     80%         4
 Blade Hands              Tmut           #.........   92%         5


Dungeon Overview and Level Annotations

Branches:
Dungeon (2/15)

Altars:
Qazlal

Annotations:
D:2 Natasha


Innate Abilities, Weirdness & Mutations

Your plain brown scales are hard. (AC +5)
You cannot fit into any form of body armour.
You are cold-blooded and may be slowed by cold attacks.
You have a pair of horns on your head.
You have razor-sharp toenails.


Message History

You feel troubled. Natasha claws you.
* * * LOW HITPOINT WARNING * * *
You hit Natasha but do no damage.
Natasha is almost dead.
Your transformation is almost over.
The crimson imp hits you.
* * * LOW HITPOINT WARNING * * *
The crimson imp blinks!
Natasha completely misses you.
Unknown command.
You hit Natasha.
Natasha is almost dead.
The crimson imp blinks! x2
Natasha hisses.
Natasha barely misses you.
Unknown command.
You barely miss Natasha. Your kick misses Natasha.
Natasha is almost dead.
Natasha claws you.
You die...

######### #.......#
######.......#
.....#.......#########
.....#...............####
.....#........§..§...'...#
................@h...# #.#
...##.##.§...#####5### #.####+###
##.#...#.....'.......# #.........
.#...........#...<.#.# #.........
.......#.#####.###.#.# #.........
..#...##.## ##.###.#.###.........
....#.....###.....†....#........#
.#.....##..##.#######.....<###...
...#....#...................(†(..


You could see Natasha and a crimson imp (summoned).

Vanquished Creatures
  Natasha (D:2)
  3 gnolls
  3 adders (D:2)
  2 worms (D:2)
  2 leopard geckos (D:2)
  7 bats
  2 giant cockroaches (D:2)
  8 goblins
  8 hobgoblins
  2 jackals (D:1)
  3 kobolds (D:2)
  2 frilled lizards (D:1)
  5 rats
48 creatures vanquished.

Vanquished Creatures (others)
  2 plants (D:2)
2 creatures vanquished.

Grand Total: 50 creatures vanquished

Notes
Turn   | Place    | Note
-------+----------+-------------------------------------------
     0 | D:1      | marklar909 the Draconian Transmuter began the quest for the
                  | Orb.
     0 | D:1      | Reached XP level 1. HP: 16/16 MP: 3/3
   332 | D:1      | Reached XP level 2. HP: 23/23 MP: 3/5
   702 | D:1      | Learned a level 2 spell: Wereblood
  1120 | D:2      | Reached XP level 3. HP: 7/28 MP: 3/6
  2225 | D:1      | Reached XP level 4. HP: 26/36 MP: 3/7
  2326 | D:2      | Noticed Natasha
  2336 | D:2      | Killed Natasha
  2850 | D:2      | Found a stormy altar of Qazlal.
  2980 | D:2      | Noticed Natasha
  2997 | D:2      | Slain by Natasha

Illustrated notes

Levels and vault maps discovered:
D:1:      eino_arrival_druids_welcome, layout_loops_ring, feat_on_display
D:2:      layout_basic, old_standard_altar, corexii_shack,
          chequers_serial_rivers_micro_c, hangedman_decor_clover_reticule,
          minmay_unequal, uniq_natasha

Skill      XL: |  1  2  3  4 |
---------------+-------------+-----
Fighting       | 2 |  2.3
Dodging        | 2 |  2.7
Unarmed Combat | |  3.9
Spellcasting   | |  2.6
Transmutations | |  2.6

Action                   |  1- 3 |  4- 6 || total
-------------------------+-------+-------++-------
Melee: Unarmed           |    87 |    62 ||   149
       Kick              |    16 |     8 ||    24
       Tailslap          |     9 |     5 ||    14
       Headbutt          |     8 |    10 ||    18
       Punch             |     1 |       ||     1
 Cast: Beastly Appendage |    21 |    12 ||    33
       Wereblood         |     5 |     7 ||    12
Armor: Skin              |    26 |    16 ||    42
Dodge: Dodged            |    55 |    38 ||    93

Table legend: (Time is in decaauts)
 A = Elapsed time spent in this place.
 B = Non-inter-level travel time spent in this place.
 C = Inter-level travel time spent in this place.
 D = Time resting spent in this place.
 E = Time spent auto-exploring this place.
 F = Levels seen in this place.
 G = Mean time per level.
                   A        B        C        D        E       F      G
               +--------+--------+--------+--------+--------+-----+--------+
         Total |   2989 |   2916 |     73 |    590 |   1896 |   2 | 1494.5 |
       Dungeon |   2989 |   2916 |     73 |    590 |   1896 |   2 | 1494.5 |
               +--------+--------+--------+--------+--------+-----+--------+

Top non-repeatable levels by time:
     D:2: 1565 daAuts
     D:1: 1424 daAuts
